[Event "ICC tourney 2556 (25 5)"]
[Site "Internet Chess Club"]
[Date "2021.05.09"]
[Round "7"]
[White "GIORGIO TESSIORE, LUCA:K05-17347744"]
[Black "PEYTON, NATHAN:K05-16452322"]
[Result "1-0"]
[ICCResult "Black checkmated"]
[WhiteElo "1914"]
[BlackElo "1481"]
[Opening "QGD Slav accepted: Alapin variation"]
[ECO "D16"]
[NIC "SL.03"]
[Time "15:31:02"]
[PlyCount "51"]
[TimeControl "1500+5"]

1. d4 d5 2. c4 c6 3. Nf3 Nf6 4. Nc3 dxc4 5. a4 Bd7 6. e4 b5 7. axb5 cxb5 8.
e5 Ng8 9. d5 g6 10. Bf4 Bg7 11. Be2 e6 12. Bg5 Qb6 13. Ne4 exd5 14. Nd6+
Kf8 15. Qxd5 Be6 16. Qxa8 Bxe5 17. Ra6 Qxa6 18. Qxb8+ Kg7 19. Ne8+ Kf8 20.
Nc7+ Qc8 21. Nxe6+ fxe6 22. Qxc8+ Kf7 23. Nxe5+ Kg7 24. Qd7+ Ne7 25. Qxe7+
Kg8 26. Qf7# { Black checkmated } 1-0

[Event "ICC tourney 2556 (25 5)"]
[Site "Internet Chess Club"]
[Date "2021.05.09"]
[Round "7"]
[White "SAENZ, DANIEL:K05-16885041"]
[Black "VELLORE, INAY:K05-15913368"]
[Result "0-1"]
[ICCResult "White resigns"]
[WhiteElo "1018"]
[BlackElo "1427"]
[Opening "Caro-Kann: anti-anti-Caro-Kann defense"]
[ECO "B10"]
[NIC "CK.01"]
[Time "15:30:39"]
[PlyCount "78"]
[TimeControl "1500+5"]

1. e4 c6 2. c4 d5 3. cxd5 cxd5 4. exd5 Qxd5 5. Nc3 Qd8 6. Nf3 Nf6 7. d4 Bg4
8. Bb5+ Bd7 9. Bc4 e6 10. a3 Nc6 11. Bg5 h6 12. Bh4 Be7 13. O-O O-O 14. d5
exd5 15. Nxd5 Nxd5 16. Bxe7 Ndxe7 17. Re1 Ng6 18. Qc2 Nce7 19. Rad1 Qa5 20.
Rxd7 Rfe8 21. Rxb7 Nh4 22. Rbxe7 Nxf3+ 23. gxf3 Qg5+ 24. Kf1 Rxe7 25. Rxe7
Qxe7 26. Bd3 Rd8 27. Bh7+ Kh8 28. Bd3 Qd7 29. Ke2 Qe6+ 30. Kd2 Qd5 31. f4
Qf3 32. Kc3 Rc8+ 33. Kb3 Rxc2 34. Kxc2 Qxf2+ 35. Kc3 Qxh2 36. Kb3 Qxf4 37.
Ka2 Qe3 38. Ba6 Qe6+ 39. Ka1 Qxa6 { White resigns } 0-1

[Event "ICC tourney 2556 (25 5)"]
[Site "Internet Chess Club"]
[Date "2021.05.09"]
[Round "7"]
[White "SHAHINYAN, INNA:K05-17114472"]
[Black "FEUERSTEIN, JACOB:K05-16195750"]
[Result "0-1"]
[ICCResult "White resigns"]
[WhiteElo "635"]
[BlackElo "1099"]
[Opening "Scandinavian (center counter) defense"]
[ECO "B01"]
[NIC "SD.02"]
[Time "15:30:30"]
[PlyCount "70"]
[TimeControl "1500+5"]

1. e4 d5 2. exd5 Qxd5 3. Nc3 Qd8 4. Nf3 Nf6 5. d4 Bg4 6. Be3 Nc6 7. d5 Nb4
8. Bc4 e6 9. Bg5 Be7 10. dxe6 Qxd1+ 11. Nxd1 Nxc2+ 12. Kd2 Nxa1 13. exf7+
Kf8 14. Kc1 Ne4 15. Bxe7+ Kxe7 16. Re1 Bf5 17. Nc3 Kf8 18. Nxe4 Bxe4 19.
Rxe4 b5 20. Bd5 Rd8 21. Re5 c6 22. Bxc6 Kxf7 23. Bxb5 Rc8+ 24. Kd1 Rhd8+
25. Ke2 Nc2 26. Ng5+ Kf6 27. f4 Nd4+ 28. Ke3 Nxb5 29. Ke4 Re8 30. Rxe8
Rxe8+ 31. Kf3 h6 32. Ne4+ Kf5 33. a4 Nd4+ 34. Kf2 Rxe4 35. Kg3 Re2 { White
resigns } 0-1

[Event "ICC tourney 2556 (25 5)"]
[Site "Internet Chess Club"]
[Date "2021.05.09"]
[Round "7"]
[White "SIGMUND PRIMUS, JONATHAN:K05-17193231"]
[Black "JAVERI, ARHAN:K05-16378223"]
[Result "1-0"]
[ICCResult "Black checkmated"]
[WhiteElo "971"]
[BlackElo "1495"]
[Opening "Caro-Kann defense"]
[ECO "B15"]
[NIC "CK.05"]
[Time "15:30:53"]
[PlyCount "111"]
[TimeControl "1500+5"]

1. e4 c6 2. d4 d5 3. Nc3 Nf6 4. e5 Ng8 5. Nf3 Bf5 6. Bd3 Bxd3 7. Qxd3 e6 8.
O-O Bb4 9. a3 Bxc3 10. Qxc3 Ne7 11. Qd3 O-O 12. Ng5 Ng6 13. h4 h6 14. h5
hxg5 15. hxg6 g4 16. gxf7+ Rxf7 17. Qg6 Qh4 18. Qxe6 Qe7 19. Qxg4 Na6 20.
e6 Rff8 21. Bg5 Qe8 22. e7 Rf7 23. g3 Nc7 24. Kg2 g6 25. Rh1 Rg7 26. Bf6
Rh7 27. Rxh7 Kxh7 28. Qh4+ Kg8 29. Qh8+ Kf7 30. Qg7+ Ke6 31. Re1+ Kd7 32.
Qh6 Ne6 33. Qh3 Qf7 34. Bh4 Rg8 35. c3 g5 36. Bxg5 Rxg5 37. Qxe6+ Qxe6 38.
Rxe6 Rg8 39. e8=Q+ Rxe8 40. Rxe8 Kxe8 41. f4 b6 42. Kf3 c5 43. g4 Kf7 44.
f5 cxd4 45. cxd4 a5 46. a4 Kf6 47. Kf4 Kg7 48. g5 Kf7 49. Ke5 Kg8 50. Kf6
Kf8 51. g6 Kg8 52. g7 Kh7 53. Kf7 Kh6 54. g8=Q Kh5 55. Qg3 Kh6 56. Qg6# {
Black checkmated } 1-0

[Event "ICC tourney 2556 (25 5)"]
[Site "Internet Chess Club"]
[Date "2021.05.09"]
[Round "7"]
[White "MUKHILAN A SAMPATH, KAVIN:K05-30070336"]
[Black "SRINIVASAN, AATHYANDH:K05-16827837"]
[Result "1-0"]
[ICCResult "Black resigns"]
[WhiteElo "1105"]
[BlackElo "543"]
[Opening "Four knights: Spanish variation"]
[ECO "C48"]
[NIC "KP.03"]
[Time "15:30:56"]
[PlyCount "89"]
[TimeControl "1500+5"]

1. e4 e5 2. Nf3 Nc6 3. Bb5 Nf6 4. Nc3 d6 5. d3 Bd7 6. Bg5 Be7 7. O-O O-O 8.
Bxf6 Bxf6 9. Nd5 Be7 10. Qd2 Be6 11. Rfe1 a6 12. Ba4 Nd4 13. Nxd4 exd4 14.
Nxe7+ Qxe7 15. Re2 Bd7 16. Bxd7 Qxd7 17. Rae1 Rae8 18. Qf4 Re5 19. Qg3 h6
20. c3 Rg5 21. Qf3 f5 22. exf5 Rgxf5 23. Qg4 Qf7 24. Qxd4 c5 25. Qe3 Re5
26. Qd2 Rh5 27. Re7 Qg6 28. R1e6 Qg5 29. Qxg5 Rxg5 30. Rxb7 Rgf5 31. f3 Rf4
32. Rxd6 c4 33. dxc4 Rxc4 34. Rdd7 Re8 35. Rxg7+ Kh8 36. Rh7+ Kg8 37. Rxh6
Rc5 38. Rxa6 Rd5 39. Kf2 Rh5 40. h3 Rh7 41. Rxh7 Kxh7 42. Ra5 Rd8 43. Re5
Rd2+ 44. Re2 Rxb2 45. Rxb2 { Black resigns } 1-0

[Event "ICC tourney 2556 (25 5)"]
[Site "Internet Chess Club"]
[Date "2021.05.09"]
[Round "7"]
[White "SASTRY, ARUSH:K05-30017444"]
[Black "LIN, LEIA:K05-17110828"]
[Result "1-0"]
[ICCResult "Black checkmated"]
[WhiteElo "381"]
[BlackElo "1256"]
[Opening "Sicilian defense"]
[ECO "B33"]
[NIC "SI.34"]
[Time "15:32:58"]
[PlyCount "65"]
[TimeControl "1500+5"]

1. e4 c5 2. Nf3 Nc6 3. d4 cxd4 4. Nxd4 Nf6 5. Nc3 e6 6. a3 Be7 7. Be2 a6 8.
Nxc6 bxc6 9. e5 Nd5 10. Ne4 Qc7 11. Nd6+ Bxd6 12. exd6 Qb8 13. c4 Nf6 14.
O-O O-O 15. Rb1 a5 16. Qd3 c5 17. Bg5 Kh8 18. Rfd1 Ne8 19. Be7 Rg8 20. Bh5
g6 21. Be2 f6 22. Qc3 Kg7 23. b4 axb4 24. axb4 cxb4 25. Rxb4 Qa7 26. Bf3
Rb8 27. Rxb8 Qxb8 28. Be4 Qa7 29. Ra1 Qb6 30. Ra5 Nxd6 31. Qxf6+ Kh6 32.
Bf8+ Rxf8 33. Qxf8# { Black checkmated } 1-0

[Event "ICC tourney 2556 (25 5)"]
[Site "Internet Chess Club"]
[Date "2021.05.09"]
[Round "7"]
[White "JAYAPRAKASH, NANDAN:K05-16292014"]
[Black "NIEUWERBURGH, HENRY:K05-16089188"]
[Result "0-1"]
[ICCResult "White checkmated"]
[WhiteElo "848"]
[BlackElo "1297"]
[Opening "Queen's pawn game, Krause variation"]
[ECO "D02"]
[NIC "QP.08"]
[Time "15:30:58"]
[PlyCount "116"]
[TimeControl "1500+5"]

1. d4 d5 2. Nf3 c5 3. Bf4 Nc6 4. e3 Qb6 5. b3 Bf5 6. c3 cxd4 7. Nxd4 Nxd4
8. cxd4 e6 9. Bd3 Bb4+ 10. Ke2 Bg6 11. Bxg6 hxg6 12. Nd2 Qb5+ 13. Ke1 Nf6
14. a3 Bc3 15. Rc1 Rc8 16. f3 O-O 17. Bd6 Rfd8 18. Bb4 Bxb4 19. axb4 Qxb4
20. Kf2 Rxc1 21. Qxc1 Qd6 22. Qc5 Qxc5 23. dxc5 Rc8 24. Rc1 Nd7 25. b4 a5
26. bxa5 Rxc5 27. Rxc5 Nxc5 28. e4 Kf8 29. Ke3 dxe4 30. fxe4 Ke7 31. Kd4
Kd6 32. Nc4+ Kc6 33. Ne5+ Kb5 34. Nxf7 Nb3+ 35. Ke5 Nxa5 36. Kxe6 Nc6 37.
e5 Kc5 38. Kd7 b5 39. e6 b4 40. Ne5 Nxe5+ 41. Kd8 Nc6+ 42. Kd7 b3 43. e7
Nxe7 44. Kxe7 b2 45. Kf7 b1=Q 46. Kxg7 Qf5 47. h4 Qg4 48. Kh7 Qxh4+ 49.
Kxg6 Qg4+ 50. Kf6 Qxg2 51. Ke5 Qd5+ 52. Kf4 Kd4 53. Kg4 Qe5 54. Kf3 Qe4+
55. Kg3 Ke3 56. Kh3 Qg6 57. Kh4 Kf3 58. Kh3 Qh5# { White checkmated } 0-1

[Event "ICC tourney 2556 (25 5)"]
[Site "Internet Chess Club"]
[Date "2021.05.09"]
[Round "7"]
[White "ROEDERER, JUDSON:K05-15626320"]
[Black "SHARMA, SUNEET:K05-16802074"]
[Result "0-1"]
[ICCResult "White checkmated"]
[WhiteElo "1212"]
[BlackElo "847"]
[Opening "Scotch opening"]
[ECO "C44"]
[NIC "KP.10"]
[Time "15:31:23"]
[PlyCount "162"]
[TimeControl "1500+5"]

1. e4 e5 2. Nf3 Nc6 3. d4 d6 4. dxe5 Nxe5 5. Nxe5 dxe5 6. Qxd8+ Kxd8 7. Nc3
Nf6 8. Bd3 Be6 9. Bg5 Be7 10. O-O-O h6 11. Bh4 Bb4 12. Bc4+ Ke8 13. Bb3
Bxc3 14. bxc3 Rd8 15. Bg3 Nxe4 16. Bxe6 fxe6 17. Rxd8+ Kxd8 18. Rd1+ Kc8
19. Bxe5 Nxf2 20. Re1 Ng4 21. Bxg7 Rh7 22. Be5 Nxe5 23. Rxe5 Kd7 24. g3 Rf7
25. Rh5 Rf6 26. Ra5 a6 27. Ra3 Rf1+ 28. Kb2 Rf2 29. h4 Rg2 30. c4 Kc6 31.
Rf3 Kd6 32. Rf6 Rxg3 33. Rxh6 Rg4 34. Kb3 Rg3+ 35. c3 Re3 36. h5 Kc5 37.
Rh7 Rh3 38. Rxc7+ Kb6 39. Rh7 e5 40. Re7 Rxh5 41. Kc2 Kc5 42. Kd3 b5 43.
cxb5 axb5 44. a3 Kd5 45. Rb7 e4+ 46. Ke3 Rh3+ 47. Ke2 Kc4 48. Re7 e3 49.
Re4+ Kxc3 50. Rb4 Kc2 51. Rxb5 Rh2+ 52. Kxe3 Rh3+ 53. Ke2 Rh2+ 54. Kf1 Kd3
55. Rb3+ Kc4 56. Rb4+ Kc5 57. Rb1 Rh1+ 58. Kg2 Rxb1 59. a4 Ra1 60. a5 Rxa5
61. Kf3 Ra4 62. Ke3 Kd5 63. Kd3 Ra3+ 64. Ke2 Ke4 65. Kd2 Kd4 66. Kc2 Kc4
67. Kd2 Rd3+ 68. Ke2 Kd4 69. Kf2 Ke4 70. Kg2 Kf4 71. Kh2 Kg4 72. Kg1 Kg3
73. Kf1 Rd2 74. Ke1 Ra2 75. Kd1 Kf3 76. Kc1 Ke3 77. Kb1 Rh2 78. Kc1 Kd3 79.
Kb1 Kc3 80. Ka1 Kb3 81. Kb1 Rh1# { White checkmated } 0-1

[Event "ICC tourney 2556 (25 5)"]
[Site "Internet Chess Club"]
[Date "2021.05.09"]
[Round "7"]
[White "MARIAN, AARON:K05-15799497"]
[Black "SRIPATHY RAO, ANJANEYA:K05-16442373"]
[Result "0-1"]
[ICCResult "White checkmated"]
[WhiteElo "1400"]
[BlackElo "1907"]
[Opening "Sicilian: Alapin's variation (2.c3)"]
[ECO "B22"]
[NIC "SI.46"]
[Time "15:31:13"]
[PlyCount "46"]
[TimeControl "1500+5"]

1. e4 c5 2. c3 e6 3. d4 cxd4 4. cxd4 d5 5. Nc3 dxe4 6. Nxe4 Nf6 7. Bb5+ Bd7
8. Nxf6+ Qxf6 9. Bxd7+ Nxd7 10. Qf3 Qxd4 11. Ne2 Bb4+ 12. Nc3 Ne5 13. Qxb7
Bxc3+ 14. bxc3 Qxc3+ 15. Ke2 Qd3+ 16. Ke1 Rd8 17. Be3 Qc3+ 18. Ke2 Qc4+ 19.
Ke1 Nd3+ 20. Kf1 Nf4+ 21. Kg1 Ne2+ 22. Kf1 Ng3+ 23. Ke1 Qe2# { White
checkmated } 0-1

[Event "ICC tourney 2556 (25 5)"]
[Site "Internet Chess Club"]
[Date "2021.05.09"]
[Round "7"]
[White "SUN, EVAN:K05-17182225"]
[Black "GORDON, SAMMY:K05-16134625"]
[Result "0-1"]
[ICCResult "White checkmated"]
[WhiteElo "1011"]
[BlackElo "1397"]
[Opening "Sicilian: Labourdonnais-Löwenthal variation"]
[ECO "B32"]
[NIC "SI.32"]
[Time "15:30:40"]
[PlyCount "36"]
[TimeControl "1500+5"]

1. e4 c5 2. Nf3 Nc6 3. d4 cxd4 4. Nxd4 e5 5. Nb3 Nf6 6. Bg5 d6 7. Nc3 Be6
8. Nd5 Be7 9. f3 O-O 10. Bc4 Nxd5 11. exd5 Bxg5 12. dxe6 fxe6 13. Bxe6+ Kh8
14. O-O Be3+ 15. Kh1 Rf6 16. Bc4 Rh6 17. Re1 Rxh2+ 18. Kxh2 Qh4# { White
checkmated } 0-1

[Event "ICC tourney 2556 (25 5)"]
[Site "Internet Chess Club"]
[Date "2021.05.09"]
[Round "7"]
[White "MATHUR, AASHI:K05-17111754"]
[Black "MANOHAR YELLEPEDDY, YUVAAN:K05-16384357"]
[Result "1/2-1/2"]
[ICCResult "Game drawn by mutual agreement"]
[WhiteElo "1012"]
[BlackElo "734"]
[Opening "Giuoco Piano"]
[ECO "C54"]
[NIC "IG.02"]
[Time "15:30:04"]
[PlyCount "161"]
[TimeControl "1500+5"]

1. e4 e5 2. Nf3 Nc6 3. Bc4 Bc5 4. c3 Nf6 5. d4 exd4 6. e5 Ne4 7. cxd4 Bb4+
8. Bd2 Nxd2 9. Nbxd2 O-O 10. O-O d5 11. Bd3 Bg4 12. Be2 Bxd2 13. Qxd2 Qd7
14. Qg5 Qf5 15. Qh4 Qh5 16. Qg3 Nxd4 17. Nxd4 Bxe2 18. Nxe2 Qxe2 19. Rfe1
Qb5 20. b3 Rfe8 21. Re3 Qb4 22. Rf3 Qd4 23. Re1 Re6 24. Rfe3 Rae8 25. h3
Rg6 26. Qf3 Rg5 27. e6 fxe6 28. Rxe6 Rf8 29. Re8 Rf5 30. Qxf5 Qc5 31. Rxf8+
Qxf8 32. Re8 Qxe8 33. Qxd5+ Kh8 34. Qxb7 Qe1+ 35. Kh2 Qe5+ 36. g3 h6 37.
Qxa7 c5 38. a4 Qd4 39. Kg2 Qe4+ 40. Kf1 Qd3+ 41. Kg2 Qe4+ 42. Kh2 Qd4 43.
Kg2 Qe4+ 44. Kg1 Qe1+ 45. Kg2 Qe4+ 46. Kf1 Qd3+ 47. Ke1 Qc3+ 48. Ke2 Qc2+
49. Kf3 Qxb3+ 50. Kg4 Qe6+ 51. Kf3 Qc6+ 52. Ke2 Qe4+ 53. Kf1 Qh1+ 54. Ke2
Qe4+ 55. Kd2 Qd4+ 56. Kc2 Qxf2+ 57. Kc1 Qe1+ 58. Kc2 Qf2+ 59. Kd3 Qxg3+ 60.
Kc4 Qxh3 61. Qxc5 Qe6+ 62. Qd5 Qe2+ 63. Qd3 Qg4+ 64. Qd4 Qc8+ 65. Kb5 h5
66. a5 Qb7+ 67. Qb6 Qd5+ 68. Qc5 Qb3+ 69. Kc6 Qf3+ 70. Kb6 Qf6+ 71. Kb7
Qf7+ 72. Qc7 Qb3+ 73. Kc8 Qe6+ 74. Kb8 Qb3+ 75. Qb7 Qg3+ 76. Kc8 Qc3+ 77.
Qc7 Qh3+ 78. Kb8 Qb3+ 79. Ka7 Qe3+ 80. Qb6 Qe7+ 81. Qb7 { Game drawn by
mutual agreement } 1/2-1/2

[Event "ICC tourney 2556 (25 5)"]
[Site "Internet Chess Club"]
[Date "2021.05.09"]
[Round "7"]
[White "JIN, MICHAEL:K05-16010553"]
[Black "PENG, JUSTIN:K05-17057952"]
[Result "1-0"]
[ICCResult "Black checkmated"]
[WhiteElo "475"]
[BlackElo "878"]
[Opening "Giuoco Piano"]
[ECO "C54"]
[NIC "IG.02"]
[Time "15:30:54"]
[PlyCount "135"]
[TimeControl "1500+5"]

1. e4 e5 2. Nf3 Nc6 3. Bc4 Bc5 4. c3 Nf6 5. d3 h6 6. d4 exd4 7. cxd4 Bb4+
8. Bd2 Bxd2+ 9. Nbxd2 d5 10. exd5 Nxd5 11. O-O O-O 12. h3 Bf5 13. Re1 Re8
14. Rxe8+ Qxe8 15. Bxd5 Rd8 16. Bc4 Nxd4 17. Nxd4 Rxd4 18. Bb3 Qd8 19. Qf3
Bg6 20. Nc4 Be4 21. Qh5 Bg6 22. Qf3 Be4 23. Qh5 Bg6 24. Qb5 Be4 25. Ne3 Bc6
26. Qc5 a6 27. Rd1 Rxd1+ 28. Nxd1 Qg5 29. Qxg5 hxg5 30. Ne3 Kf8 31. g3 f6
32. f4 gxf4 33. gxf4 Ke7 34. Kf2 g6 35. Kg3 f5 36. Kh4 Kf6 37. Nd5+ Bxd5
38. Bxd5 c6 39. Bc4 b5 40. Bb3 c5 41. a3 c4 42. Ba2 a5 43. Kg3 g5 44. fxg5+
Kxg5 45. h4+ Kh5 46. Bb1 f4+ 47. Kxf4 Kxh4 48. Ke4 Kg3 49. Kd4 Kf3 50. Kc5
b4 51. axb4 axb4 52. Kxb4 Ke3 53. Kxc4 Kf4 54. b3 Ke5 55. b4 Kd6 56. b5 Kc7
57. Be4 Kb6 58. Kb4 Kc7 59. Kc5 Kb8 60. b6 Kc8 61. b7+ Kb8 62. Kd6 Ka7 63.
Kc7 Ka6 64. b8=Q Ka5 65. Bd5 Ka4 66. Qb3+ Ka5 67. Kc6 Ka6 68. Qb6# { Black
checkmated } 1-0

[Event "ICC tourney 2556 (25 5)"]
[Site "Internet Chess Club"]
[Date "2021.05.09"]
[Round "7"]
[White "ZIEGLER, NATE:K05-15967852"]
[Black "MA, SEAN:K05-16395728"]
[Result "1-0"]
[ICCResult "Black checkmated"]
[WhiteElo "1866"]
[BlackElo "1446"]
[Opening "Queen's pawn game"]
[ECO "D05"]
[NIC "QP.08"]
[Time "15:31:02"]
[PlyCount "93"]
[TimeControl "1500+5"]

1. d4 d5 2. Nf3 Nf6 3. e3 e6 4. Bd3 Bd6 5. O-O O-O 6. Nbd2 Nbd7 7. b3 c6 8.
Bb2 b6 9. Ne5 Bb7 10. f4 c5 11. Qf3 Ne4 12. Nxe4 dxe4 13. Bxe4 Bxe4 14.
Qxe4 Nf6 15. Qf3 Rc8 16. c4 cxd4 17. Nc6 Qd7 18. Nxd4 Rfe8 19. Rad1 e5 20.
Nb5 exf4 21. Rxd6 Qe7 22. Bxf6 gxf6 23. Qxf4 Qxe3+ 24. Qxe3 Rxe3 25. Rdxf6
Rf8 26. R6f3 Re2 27. R3f2 Re3 28. Nxa7 Rfe8 29. Rxf7 Re1 30. Rxe1 Rxe1+ 31.
Rf1 Re2 32. Ra1 Re7 33. Nb5 Kg7 34. h3 Kf6 35. Rf1+ Kg6 36. Rf2 Re1+ 37.
Kh2 h5 38. a4 h4 39. b4 Rb1 40. c5 Rxb4 41. cxb6 Rxb5 42. axb5 Kg5 43. b7
Kg6 44. b8=Q Kg5 45. Qg8+ Kh5 46. Rf7 Kh6 47. Rh7# { Black checkmated } 1-0

[Event "ICC tourney 2556 (25 5)"]
[Site "Internet Chess Club"]
[Date "2021.05.09"]
[Round "7"]
[White "GOTETI, ISHAN:K05-17016988"]
[Black "COE, CAMERON:K05-16062903"]
[Result "0-1"]
[ICCResult "White checkmated"]
[WhiteElo "516"]
[BlackElo "915"]
[Opening "Two knights defense"]
[ECO "C58"]
[NIC "KP.01"]
[Time "15:30:56"]
[PlyCount "146"]
[TimeControl "1500+5"]

1. e4 e5 2. Nf3 Nc6 3. Bc4 Nf6 4. Ng5 d5 5. exd5 Na5 6. Bb5+ Bd7 7. Bxd7+
Qxd7 8. O-O Nxd5 9. Re1 Nc6 10. Ne4 O-O-O 11. c4 Nf6 12. Nc5 Bxc5 13. a3 h5
14. b4 Bd4 15. Ra2 g5 16. b5 Ne7 17. Qa4 Kb8 18. Bb2 Bxb2 19. Rxb2 Ng6 20.
c5 h4 21. c6 Qe6 22. cxb7 g4 23. Qa6 Qd5 24. Qxf6 g3 25. Qc6 Qd4 26. Rf1
Qxb2 27. Nc3 Qxd2 28. h3 Nf4 29. Ne4 Qd5 30. Nc5 Nxh3+ 31. gxh3 gxf2+ 32.
Rxf2 Rhg8+ 33. Kh2 Qxc6 34. bxc6 a6 35. Nxa6+ Ka7 36. b8=Q+ Rxb8 37. Nxb8
Rxb8 38. Rxf7 Rb2+ 39. Kg1 Kb6 40. Rf6 Rb3 41. a4 Rxh3 42. Rf1 Rc3 43. Ra1
Kxc6 44. a5 Kb7 45. Ra4 h3 46. Kh2 Ka6 47. Kg1 Rc5 48. Kh2 Rxa5 49. Rxa5+
Kxa5 50. Kxh3 c5 51. Kg3 c4 52. Kf3 Kb4 53. Ke2 Kb3 54. Kd1 e4 55. Ke1 Kb2
56. Kd2 c3+ 57. Ke3 c2 58. Kxe4 c1=Q 59. Kd4 Qc3+ 60. Kd5 Qf3+ 61. Kd4 Kb3
62. Ke5 Kc4 63. Kd6 Qd5+ 64. Ke7 Kc5 65. Kf6 Qe4 66. Kg5 Qf3 67. Kg6 Qf4
68. Kg7 Qf5 69. Kg8 Kd6 70. Kg7 Ke7 71. Kg8 Kf6 72. Kh8 Qg5 73. Kh7 Qg7# {
White checkmated } 0-1

[Event "ICC tourney 2556 (25 5)"]
[Site "Internet Chess Club"]
[Date "2021.05.09"]
[Round "7"]
[White "JOSHI, AARAV:K05-30026655"]
[Black "MAJUMDAR, ABHI:K05-16196465"]
[Result "1-0"]
[ICCResult "Black checkmated"]
[WhiteElo "834"]
[BlackElo "1150"]
[Opening "QGD Slav: Slav gambit"]
[ECO "D15"]
[NIC "SL.03"]
[Time "15:30:04"]
[PlyCount "171"]
[TimeControl "1500+5"]

1. d4 d5 2. c4 c6 3. Nf3 Nf6 4. Nc3 dxc4 5. e4 Bg4 6. Be2 e6 7. O-O Bb4 8.
e5 Nd5 9. Bxc4 Bxc3 10. bxc3 Nxc3 11. Qd3 Nd5 12. Bxd5 cxd5 13. Rb1 b6 14.
h3 Bf5 15. Qb5+ Qd7 16. Qxd7+ Nxd7 17. Rb2 O-O 18. Nh4 Bg6 19. Nxg6 hxg6
20. f3 Rfc8 21. h4 Rc4 22. Be3 Rac8 23. Kf2 Rc2+ 24. Rxc2 Rxc2+ 25. Kg3 f6
26. exf6 gxf6 27. Rc1 Rxc1 28. Bxc1 Kf7 29. Kg4 e5 30. dxe5 Nxe5+ 31. Kg3
d4 32. f4 Nd3 33. Bd2 Ke6 34. Kf3 Kf5 35. g4+ Ke6 36. h5 Kf7 37. hxg6+ Kxg6
38. g5 fxg5 39. fxg5 Ne5+ 40. Ke4 Nc6 41. Kd5 Ne7+ 42. Kxd4 Nf5+ 43. Kd5
Kf7 44. Kc6 Nd4+ 45. Kb7 a5 46. Kxb6 a4 47. Ka5 a3 48. Ka4 Nc2 49. Kb3 Nd4+
50. Kxa3 Nb5+ 51. Kb4 Nd4 52. a4 Nc6+ 53. Kb5 Na7+ 54. Kc5 Kg6 55. a5 Kf5
56. Kb6 Nc8+ 57. Kc7 Na7 58. a6 Nb5+ 59. Kb6 Nd6 60. Bc1 Nc8+ 61. Kb7 Nd6+
62. Kb8 Nb5 63. a7 Nxa7 64. Kxa7 Kg6 65. Kb6 Kg7 66. Kc6 Kg6 67. Kd6 Kg7
68. Ke6 Kg6 69. Ke5 Kg7 70. Kf5 Kf7 71. g6+ Kg7 72. Kg5 Kg8 73. Kf6 Kf8 74.
Ba3+ Kg8 75. g7 Kh7 76. Kf7 Kh6 77. g8=Q Kh5 78. Qg7 Kh4 79. Qg6 Kh3 80.
Qg5 Kh2 81. Qg4 Kh1 82. Kf6 Kh2 83. Kf5 Kh1 84. Kf4 Kh2 85. Kf3 Kh1 86.
Qg2# { Black checkmated } 1-0

[Event "ICC tourney 2556 (25 5)"]
[Site "Internet Chess Club"]
[Date "2021.05.09"]
[Round "7"]
[White "SANDY, ADRIAN:K05-16647505"]
[Black "RIAZ, RAYHAN:K05-16543002"]
[Result "0-1"]
[ICCResult "White checkmated"]
[WhiteElo "384"]
[BlackElo "1478"]
[Opening "Sicilian: closed, 2...Nc6"]
[ECO "B23"]
[NIC "SI.44"]
[Time "15:31:11"]
[PlyCount "118"]
[TimeControl "1500+5"]

1. e4 c5 2. Nc3 Nc6 3. Nf3 g6 4. Bc4 Bg7 5. d3 Nf6 6. Be3 d6 7. h3 O-O 8.
Qd2 Nd7 9. Bh6 Nde5 10. Nxe5 Nxe5 11. Bxg7 Kxg7 12. f4 Nxc4 13. dxc4 Be6
14. b3 f5 15. exf5 Bxf5 16. O-O-O a6 17. Rdg1 b5 18. cxb5 axb5 19. g4 Bd7
20. h4 b4 21. Ne2 Rxa2 22. h5 Qa8 23. Kd1 Qf3 24. h6+ Kf7 25. Qd3 Bxg4 26.
Qxf3 Bxf3 27. Rh3 Bxe2+ 28. Kxe2 Rxc2+ 29. Kd1 Rb2 30. f5 Rb1+ 31. Ke2 Rxg1
32. fxg6+ Rxg6 33. Kd3 Ke8 34. Ke4 Rff6 35. Kd5 Rxh6 36. Rxh6 Rxh6 37. Ke4
Rh5 38. Kf4 d5 39. Kg4 Re5 40. Kf4 Re4+ 41. Kf5 Kf7 42. Kg5 Re5+ 43. Kf4
Kf6 44. Kg4 h5+ 45. Kf4 Re4+ 46. Kf3 Kf5 47. Kg3 d4 48. Kf3 h4 49. Kg2 Kf4
50. Kf2 d3 51. Kg2 Re3 52. Kf2 h3 53. Kg1 h2+ 54. Kh1 d2 55. Kxh2 Rg3 56.
Kh1 d1=R+ 57. Kh2 Rd2+ 58. Kh1 Rxb3 59. Kg1 Rb1# { White checkmated } 0-1

[Event "ICC tourney 2556 (25 5)"]
[Site "Internet Chess Club"]
[Date "2021.05.09"]
[Round "7"]
[White "GOLANN, MATTHEW:K05-16609856"]
[Black "YU, ZIRAN:K05-30074850"]
[Result "1-0"]
[ICCResult "Black checkmated"]
[WhiteElo "1057"]
[BlackElo "795"]
[Opening "Giuoco Piano"]
[ECO "C54"]
[NIC "IG.02"]
[Time "15:30:04"]
[PlyCount "217"]
[TimeControl "1500+5"]

1. e4 e5 2. Nf3 Nc6 3. Bc4 Bc5 4. c3 Nf6 5. d4 exd4 6. cxd4 Bb4+ 7. Bd2
Bxd2+ 8. Nbxd2 O-O 9. O-O d6 10. d5 Ne5 11. Nxe5 dxe5 12. Nf3 Nxe4 13. Qd3
Nc5 14. Qc2 Re8 15. Bb5 Bd7 16. Qxc5 Bxb5 17. Qxb5 e4 18. Nd4 Qf6 19. Rad1
b6 20. Qc6 Qf4 21. Ne2 Qe5 22. d6 cxd6 23. Qxd6 Qxb2 24. Qd2 Qe5 25. Qd4
Qc7 26. Rc1 Qb8 27. Rfd1 Re6 28. Nf4 Qxf4 29. Qd8+ Re8 30. Qd5 Qe5 31. Qxe5
Rxe5 32. Rc7 Rc5 33. Rcd7 g6 34. h3 Rc2 35. R1d2 Rac8 36. Rxc2 Rxc2 37.
Rxa7 Rc1+ 38. Kh2 Rf1 39. Kg3 f5 40. Rb7 Ra1 41. Rxb6 Rxa2 42. Rb8+ Kg7 43.
Rb7+ Kf6 44. Rxh7 Kg5 45. h4+ Kf6 46. Rh8 Ra3+ 47. Kh2 Ra2 48. Kg3 Ra3+ 49.
f3 exf3 50. gxf3 Ke5 51. Re8+ Kf6 52. Rf8+ Kg7 53. Rb8 Ra4 54. Rc8 Kf6 55.
Rc2 Kg7 56. Rh2 Kh6 57. Rh1 g5 58. hxg5+ Kxg5 59. Rh8 f4+ 60. Kg2 Ra2+ 61.
Kg1 Ra3 62. Rg8+ Kh4 63. Kf2 Ra2+ 64. Kf1 Kh3 65. Rg4 Ra1+ 66. Ke2 Ra2+ 67.
Kd3 Ra3+ 68. Ke4 Ra4+ 69. Kf5 Ra5+ 70. Kxf4 Ra4+ 71. Kg5 Ra5+ 72. Kg6 Ra6+
73. Kh5 Rf6 74. f4 Rf5+ 75. Rg5 Rxf4 76. Ra5 Rh4+ 77. Kg5 Rg4+ 78. Kf5 Rh4
79. Ra3+ Kh2 80. Ra2+ Kh3 81. Kg5 Rg4+ 82. Kf5 Rh4 83. Ke6 Rh6+ 84. Kd5
Rh5+ 85. Ke4 Rh4+ 86. Kf3 Rh8 87. Ra4 Rf8+ 88. Ke3 Re8+ 89. Kf2 Rf8+ 90.
Kg1 Rg8+ 91. Kh1 Re8 92. Ra3+ Kh4 93. Kg2 Re2+ 94. Kf3 Rh2 95. Ra8 Rh3+ 96.
Kf4 Kh5 97. Rh8+ Kg6 98. Rxh3 Kf6 99. Rh6+ Kg7 100. Kg5 Kf7 101. Ra6 Kg7
102. Ra7+ Kf8 103. Kf6 Ke8 104. Rh7 Kd8 105. Ke6 Kc8 106. Kd6 Kb8 107. Kc6
Ka8 108. Kb6 Kb8 109. Rh8# { Black checkmated } 1-0

[Event "ICC tourney 2556 (25 5)"]
[Site "Internet Chess Club"]
[Date "2021.05.09"]
[Round "7"]
[White "VENKATARAJA, LINGAADYAKSSH:K05-15495814"]
[Black "SATHISH, PRANAV:K05-16464655"]
[Result "1/2-1/2"]
[ICCResult "Game drawn by repetition"]
[WhiteElo "1352"]
[BlackElo "1768"]
[Opening "Sicilian: Grand Prix attack"]
[ECO "B23"]
[NIC "SI.44"]
[Time "15:30:05"]
[PlyCount "102"]
[TimeControl "1500+5"]

1. e4 c5 2. Nc3 Nc6 3. f4 g6 4. Nf3 Bg7 5. Bc4 e6 6. d3 Nge7 7. O-O O-O 8.
f5 exf5 9. exf5 Nxf5 10. Ng5 Ne5 11. Bb3 a6 12. a4 Rb8 13. Bf4 d6 14. Nce4
d5 15. Nc3 c4 16. dxc4 dxc4 17. Qxd8 Rxd8 18. Bxc4 b5 19. Bxe5 Bxe5 20.
Nxf7 bxc4 21. Nxe5 Rxb2 22. Nxc4 Rxc2 23. Rac1 Rxc1 24. Rxc1 Be6 25. Ne5
Rd2 26. Re1 Nh4 27. Re2 Rd6 28. Ne4 Rd1+ 29. Kf2 Kg7 30. Nc5 Bf5 31. g3 Rd5
32. Nxa6 Ra5 33. Nb4 Rxa4 34. Nbc6 Bg4 35. Nxg4 Rxg4 36. gxh4 Rxh4 37. Kg3
Ra4 38. Ne5 Rb4 39. Nf3 Kf6 40. Rd2 h5 41. Rd6+ Kg7 42. Rd4 Rxd4 43. Nxd4
g5 44. Nf3 Kf6 45. Nd4 Ke5 46. Nf3+ Kf5 47. Nd4+ Ke5 48. Nc6+ Kf5 49. Ne7+
Ke6 50. Nc6 Kf5 51. Nd4+ Ke5 { Game drawn by repetition } 1/2-1/2